 Dungeon Crawl Stone Soup version 0.29-a0-892-g2c4c91d9db (webtiles) character file.

Game seed: 11940671915110113039

38 Eik the Shooter (level 3, 0/18 HPs)
             Began as a Vine Stalker Hunter on July 23, 2022.
             Succumbed to an adder's poison
             ... on level 2 of the Dungeon.
             The game lasted 00:11:47 (958 turns).

Eik the Shooter (Vine Stalker Hunter)                Turns: 958, Time: 00:11:50

Health: 0/18       AC:  5    Str: 13    XL:     3   Next: 43%
Magic:  1/4        EV: 12    Int: 15    God:
Gold:   172        SH:  0    Dex: 19    Spells: 2/2 levels left

rFire   + . .      SeeInvis .   a - +0 shortbow
rCold   . . .      Faith    .   (shield currently unavailable)
rNeg    . . .      Spirit   +   c - +0 leather armour
rPois   .          Reflect  .   e - +0 helmet
rElec   .          Harm     .   g - +0 cloak
rCorr   .          Rampage  .   (no gloves)
Will    .....                   (no boots)
Stlth   ++........              (no amulet)
HPRegen 0.06/turn               f - +6 ring of intelligence
MPRegen 0.09/turn               j - ring of protection from fire

@: lethally poisoned (0 -> -8)
A: fangs 2, magic shield, antimagic bite, no potion heal 2
a: no special abilities


You were on level 2 of the Dungeon.
You visited 1 branch of the dungeon, and saw 2 of its levels.

You collected 172 gold pieces.

Inventory:

Hand Weapons
 a - a +0 shortbow (weapon)
Armour
 c - a +0 leather armour (worn)
 e - a +0 helmet (worn)
 g - a +0 cloak (worn)
Magical Staves
 k - a staff of earth
Jewellery
 f - a +6 ring of intelligence (left hand)
 j - a ring of protection from fire (right hand)
Scrolls
 b - a scroll of immolation
 d - 2 scrolls of poison {unknown}
 i - a scroll of blinking {unknown}
Potions
 h - 2 potions of haste {unknown}
 l - a potion of curing {unknown}


   Skills:
 + Level 2.2 Fighting
 * Level 4.2 Ranged Weapons
 - Level 1.6 Dodging
 + Level 2.3 Stealth


You had 2 spell levels left.
You didn't know any spells.
Your spell library contained the following spells:

 Spells                   Type           Power      Damage    Failure   Level
 Sublimation of Blood     Necr           0%         N/A       45%         2
 Petrify                  Tmut/Erth      0%         N/A       98%         4
 Irradiate                Conj/Tmut      0%         3d11      100%        5


Dungeon Overview and Level Annotations

Branches:
Dungeon (2/15)

Altars:


Innate Abilities, Weirdness & Mutations

You have extremely sharp teeth.
When hurt, damage is shared between your health and your magic reserves.
Your bite disrupts and absorbs the magic of your enemies.
Potions cannot restore your health.


Message History

Fire: a) +0 shortbow
Press: ? - help, Q - select action Shift-Dir - straight line, f/p - adder
Aim: an adder (severely wounded, 48% to hit)
You shoot an arrow.
The arrow hits the adder but does no damage.
The adder is severely wounded.
The adder bites you but does no damage. x2
Fire: a) +0 shortbow
Press: ? - help, Q - select action Shift-Dir - straight line, f/p - adder
Aim: an adder (heavily wounded, 48% to hit)
You shoot an arrow. The arrow barely misses the adder.
The adder bites you but does no damage. The adder attacks as you move away!
The adder closely misses you. The adder barely misses you.
The adder attacks as you move away! The adder bites you.
The adder bites you but does no damage. The adder attacks as you move away!
The adder misses you. The adder attacks as you move away! The adder bites you.
Fire: a) +0 shortbow
Press: ? - help, Q - select action Shift-Dir - straight line, f/p - adder
Aim: an adder (heavily wounded, 48% to hit)
You shoot an arrow. The arrow hits the adder.
The adder is severely wounded.
The adder bites you.
* * * LOW HITPOINT WARNING * * *
The adder bites you but does no damage.
Fire: a) +0 shortbow
Press: ? - help, Q - select action Shift-Dir - straight line, f/p - adder
Aim: an adder (severely wounded, 48% to hit)
You shoot an arrow. The arrow closely misses the adder.
The adder bites you.
* * * LOW HITPOINT WARNING * * *
You are lethally poisoned!
The adder poisons you! The adder bites you but does no damage.
Fire: a) +0 shortbow
Press: ? - help, Q - select action Shift-Dir - straight line, f/p - adder
Aim: an adder (severely wounded, 48% to hit)
You shoot an arrow. The arrow hits the adder!
You kill the adder!
You die...

#.#... .#....# .# #.# #....
#.#... ......# .. #.# #...
#####.#... #.....# .###.# #..#
#.....#..< #.....# ..##.# #..
#.....#..# #....# #.##.#
##.#####......... #....# #.##.#
#.....#.......#÷#
#....####.##.###.....#.......#.#
#.............†@.....#.......#.#
...#..####+##+###....##.......#.#
# ###. ................#####.# ..
...........#..........# ...
...........#.##.####..#
...............#....# #...
..........†....#..#.# #.##
...........##.##..#.# #.# .......
#<##..#.# #.#


There were no monsters in sight!

Vanquished Creatures
  2 adders (D:2)
  A worm (D:2)
  A dart slug (D:1)
  A bat (D:1)
  2 endoplasms (D:1)
  A giant cockroach (D:1)
  3 goblins
  A kobold (D:1)
  3 quokkas
  4 ball pythons
  3 frilled lizards
  A rat (D:1)
23 creatures vanquished.

Notes
Turn   | Place    | Note
-------+----------+-------------------------------------------
     0 | D:1      | Eik the Vine Stalker Hunter began the quest for the Orb.
     0 | D:1      | Reached XP level 1. HP: 11/11 MP: 2/2
   166 | D:1      | Reached XP level 2. HP: 15/15 MP: 3/3
   305 | D:1      | Reached skill level 4 in Ranged Weapons
   726 | D:2      | Reached XP level 3. HP: 17/18 MP: 4/4
   958 | D:2      | Succumbed to an adder's poison

Illustrated notes

Levels and vault maps discovered:
D:1:      elethiomel_arrival_quiet, layout_loops_ring, minmay_unequal
D:2:      layout_basic, minmay_misc_feat_rugged, hangedman_decor_peaks_small

Skill      XL: |  1  2 |
---------------+-------+-----
Fighting       | 2 |  2.2
Ranged Weapons | 4 |  4.2
Stealth        | 2 |  2.3
Dodging        | |  1.6

Action                   || total
-------------------------++-------
 Fire: Shortbow          ||    79
Armor: Leather armour    ||    14
Dodge: Dodged            ||    19

Table legend: (Time is in decaauts)
 A = Elapsed time spent in this place.
 B = Non-inter-level travel time spent in this place.
 C = Inter-level travel time spent in this place.
 D = Time resting spent in this place.
 E = Time spent auto-exploring this place.
 F = Levels seen in this place.
 G = Mean time per level.
                   A        B        C        D        E       F      G
               +--------+--------+--------+--------+--------+-----+--------+
         Total |    981 |    981 |      0 |      0 |    357 |   2 |  490.5 |
       Dungeon |    981 |    981 |      0 |      0 |    357 |   2 |  490.5 |
               +--------+--------+--------+--------+--------+-----+--------+

Top non-repeatable levels by time:
     D:1: 714 daAuts
     D:2: 266 daAuts
